MID
DAYTON DRAGONS @ WEST VIRGINIA POWER
05/28/2048
 
TOP OF THE 1ST
Dayton Dragons batting - Pitching for West Virginia Power : RHP Fred McIlrath
Pitching: RHP Fred McIlrath
Batting: LHB Matt Kennedy 0-0: Ball
1-0: Called Strike
1-1: Ball
2-1: Ball
3-1: Foul Ball, location: 2F
3-2: Fly out, F6 (Line Drive, 6, EV 68.8 MPH)
Batting: LHB Leo Gomez 0-0: Called Strike
0-1: Foul Ball, location: 2F
0-2: Strikes out looking
Batting: RHB Andy Bachman 0-0: Ball
1-0: Swinging Strike
1-1: Foul Ball, location: 2F
1-2: Ball
2-2: Ground out U3 (Groundball, 34, EV 86.9 MPH)
Top of the 1st over - 0 runs, 0 hits, 0 errors, 0 left on base; Dayton 0 - West Virginia 0
BOTTOM OF THE 1ST
West Virginia Power batting - Pitching for Dayton Dragons : RHP Narciso Umbelino
Pitching: RHP Narciso Umbelino
Batting: RHB Perry Dominey 0-0: Called Strike
0-1: Fly out, F9 (Flyball, 9, EV 83.1 MPH)
Batting: RHB Dave Fredericks 0-0: Called Strike
0-1: Foul Ball, location: 2F
0-2: Ball
1-2: SINGLE (Groundball, 56D, EV 96.9 MPH)
Batting: RHB Alain Marquet 0-0: Ball
Wild Pitch!
Dave Fredericks to second
1-0: Called Strike
1-1: Ball
2-1: Ball
3-1: Called Strike
3-2: SINGLE (Groundball, 56D, EV 95.0 MPH)
Dave Fredericks to third
Runner from 3rd tries for Home, SAFE, throw by LF to home
Batting: LHB Tomohiro Yokoyama 0-0: Called Strike
0-1: Hit by Pitch
Alain Marquet to second
Batting: RHB Brandon White 0-0: Ball
1-0: Called Strike
1-1: Fly out, F8 (Flyball, 8LM, EV 80.0 MPH)
Batting: RHB Jaime Dubicki 0-0: Ball
1-0: Ball
2-0: Called Strike
2-1: Fielders Choice at 2nd, 5-4 (Groundball, 56, EV 93.1 MPH)
Bottom of the 1st over - 1 run, 2 hits, 0 errors, 2 left on base; Dayton 0 - West Virginia 1
TOP OF THE 2ND
Dayton Dragons batting - Pitching for West Virginia Power : RHP Fred McIlrath
Batting: LHB Chris Redhead 0-0: Called Strike
0-1: Ball
1-1: Ball
2-1: Swinging Strike
2-2: Foul Ball, location: 2F
2-2: Ball
3-2: Strikes out looking
Batting: RHB Mark Williams 0-0: Ball
1-0: Foul Ball, location: 2F
1-1: Foul Ball, location: 2F
1-2: Ball
2-2: Foul Ball, location: 2F
2-2: Ground out 2-3 (Groundball, 13S, EV 65.6 MPH)
Batting: LHB Ray Walden 0-0: Ball
1-0: Ball
2-0: Ball
3-0: Base on Balls
Batting: RHB Chris Zamora 0-0: Ball
1-0: Ball
Ray Walden steals 2nd, throwing error, E2
Ray Walden to third
2-0: Foul Ball, location: 2F
2-1: Ball
3-1: Base on Balls
Batting: RHB Ernie Maldonado 0-0: 3-RUN HOME RUN (Flyball, 7LD, EV 91.9 MPH), Distance : 345 ft
Batting: RHB Yutaka Sato 0-0: Ball
1-0: Ball
2-0: Called Strike
2-1: Foul Ball, location: 2F
2-2: Ball
3-2: Base on Balls
Batting: LHB Matt Kennedy 0-0: Ball
1-0: Called Strike
1-1: Ball
2-1: Called Strike
2-2: Foul Ball, location: 2F
2-2: Strikes out looking
Top of the 2nd over - 3 runs, 1 hit, 1 error, 1 left on base; Dayton 3 - West Virginia 1
BOTTOM OF THE 2ND
West Virginia Power batting - Pitching for Dayton Dragons : RHP Narciso Umbelino
Batting: RHB Chris Beckham 0-0: Called Strike
0-1: Fly out, F8 (Flyball, 8RD, EV 103.1 MPH)
Batting: RHB Seung-mun Kim 0-0: Ball
1-0: Ball
2-0: Ball
3-0: Base on Balls
Batting: RHB John DeVillier 0-0: Grounds into double play, 4-6-3 (Groundball, 34, EV 85.6 MPH)
Bottom of the 2nd over - 0 runs, 0 hits, 0 errors, 0 left on base; Dayton 3 - West Virginia 1
TOP OF THE 3RD
Dayton Dragons batting - Pitching for West Virginia Power : RHP Fred McIlrath
Batting: LHB Leo Gomez 0-0: Ground out U3 (Groundball, 3L, EV 98.1 MPH)
Batting: RHB Andy Bachman 0-0: Called Strike
0-1: Swinging Strike
0-2: Ball
1-2: Ball
2-2: Ball
3-2: Base on Balls
Batting: LHB Chris Redhead 0-0: Ball
Andy Bachman steals 2nd base
1-0: Ball
2-0: Fly out, F8 (Flyball, 8RM, EV 95.6 MPH)
Batting: RHB Mark Williams 0-0: Ball
1-0: Fly out, F7 (Flyball, 7S, EV 80.0 MPH)
Top of the 3rd over - 0 runs, 0 hits, 0 errors, 1 left on base; Dayton 3 - West Virginia 1
BOTTOM OF THE 3RD
West Virginia Power batting - Pitching for Dayton Dragons : RHP Narciso Umbelino
Batting: RHB Perry Dominey 0-0: Ground out 6-3 (Groundball, 6M, EV 89.4 MPH)
Batting: RHB Dave Fredericks 0-0: SINGLE (Flyball, 78S, EV 90.0 MPH)
Batting: RHB Alain Marquet 0-0: Ball
1-0: Ball
2-0: Foul Ball, location: 2F
2-1: DOUBLE (Line Drive, 89D, EV 108.1 MPH)
Dave Fredericks to third
Batting: LHB Tomohiro Yokoyama 0-0: Called Strike
0-1: Foul Ball, location: 2F
0-2: Ball
1-2: Strikes out looking
Batting: RHB Brandon White 0-0: SINGLE (Groundball, 25, EV 70.0 MPH) (infield hit)
Dave Fredericks scores
Alain Marquet to third
Batting: RHB Jaime Dubicki 0-0: Swinging Strike
0-1: DOUBLE (Line Drive, 7LD, EV 101.9 MPH)
Alain Marquet scores
Brandon White to third
Runner from 3rd tries for Home, SAFE, throw by LF to home
Batting: RHB Chris Beckham 0-0: Ball
1-0: Ball
2-0: Swinging Strike
2-1: Ground out 6-3 (Groundball, 4MS, EV 78.8 MPH)
Bottom of the 3rd over - 3 runs, 4 hits, 0 errors, 1 left on base; Dayton 3 - West Virginia 4
TOP OF THE 4TH
Dayton Dragons batting - Pitching for West Virginia Power : RHP Fred McIlrath
Batting: LHB Ray Walden 0-0: Ball
1-0: Called Strike
1-1: Fly out, F8 (Line Drive, 8LS, EV 95.6 MPH)
Batting: RHB Chris Zamora 0-0: Foul Ball, location: 2F
0-1: Swinging Strike
0-2: Ball
1-2: Ground out 6-3 (Groundball, 6, EV 86.9 MPH)
Batting: RHB Ernie Maldonado 0-0: Called Strike
0-1: Ball
1-1: Ball
2-1: Ball
3-1: Foul Ball, location: 2F
3-2: Ground out 4-3 (Groundball, 4, EV 112.5 MPH)
Top of the 4th over - 0 runs, 0 hits, 0 errors, 0 left on base; Dayton 3 - West Virginia 4
BOTTOM OF THE 4TH
West Virginia Power batting - Pitching for Dayton Dragons : RHP Narciso Umbelino
Batting: RHB Seung-mun Kim 0-0: Foul Ball, location: 2F
0-1: SINGLE (Line Drive, 78S, EV 105.0 MPH)
Batting: RHB John DeVillier 0-0: Foul Ball, location: 2F
0-1: Swinging Strike
0-2: Ball
1-2: DOUBLE (Groundball, 5L, EV 104.4 MPH)
Seung-mun Kim to third
Batting: RHB Perry Dominey 0-0: Ball
1-0: Fly out, F7 (Flyball, 7, EV 95.0 MPH)
Batting: RHB Dave Fredericks 0-0: SINGLE (Groundball, 25, EV 71.2 MPH) (infield hit)
Batting: RHB Alain Marquet 0-0: Foul Ball, location: 2F
0-1: Foul Ball, location: 2F
0-2: Ball
1-2: Ball
2-2: Foul Ball, location: 2F
2-2: Ball
3-2: DOUBLE (Groundball, 3D, EV 101.2 MPH)
Seung-mun Kim scores
John DeVillier scores
Dave Fredericks to third
Pitching: RHP Jalen Patterson
Batting: LHB Tomohiro Yokoyama 0-0: Called Strike
0-1: Called Strike
0-2: Ball
1-2: Fly out, F7 (Flyball, 78D, EV 87.5 MPH)
Batting: RHB Brandon White 0-0: Swinging Strike
0-1: Ball
1-1: Fly out, F7 (Flyball, 7S, EV 85.6 MPH)
Bottom of the 4th over - 2 runs, 4 hits, 0 errors, 2 left on base; Dayton 3 - West Virginia 6
TOP OF THE 5TH
Dayton Dragons batting - Pitching for West Virginia Power : RHP Fred McIlrath
Batting: RHB Yutaka Sato 0-0: Ball
1-0: Called Strike
1-1: Called Strike
1-2: Strikes out swinging
Batting: LHB Matt Kennedy 0-0: Called Strike
0-1: Ball
1-1: Ball
2-1: Ball
3-1: Foul Ball, location: 2F
3-2: Fly out, F8 (Flyball, 89M, EV 92.5 MPH)
Batting: LHB Leo Gomez 0-0: Ball
1-0: Foul Ball, location: 2F
1-1: Ball
2-1: Ball
3-1: Ground out 4-3 (Groundball, 34D, EV 86.2 MPH)
Top of the 5th over - 0 runs, 0 hits, 0 errors, 0 left on base; Dayton 3 - West Virginia 6
BOTTOM OF THE 5TH
West Virginia Power batting - Pitching for Dayton Dragons : RHP Jalen Patterson
Batting: RHB Jaime Dubicki 0-0: Ball
1-0: SINGLE (Groundball, 34D, EV 93.8 MPH)
Batting: RHB Chris Beckham 0-0: Called Strike
0-1: Swinging Strike
0-2: Fielders Choice at 2nd, 6-4 (Groundball, 6, EV 110.6 MPH)
Batting: RHB Seung-mun Kim 0-0: Called Strike
0-1: Ball
1-1: Called Strike
1-2: Ball
2-2: Foul Ball, location: 2F
2-2: Foul Ball, location: 2F
2-2: Foul Ball, location: 2F
2-2: Strikes out swinging
Batting: RHB John DeVillier 0-0: Called Strike
0-1: Ball
1-1: Ball
2-1: Foul Ball, location: 2F
2-2: Strikes out looking
Bottom of the 5th over - 0 runs, 1 hit, 0 errors, 1 left on base; Dayton 3 - West Virginia 6
TOP OF THE 6TH
Dayton Dragons batting - Pitching for West Virginia Power : RHP Fred McIlrath
Batting: RHB Andy Bachman 0-0: Ball
1-0: Ball
2-0: Called Strike
2-1: Called Strike
2-2: Ball
3-2: Ground out 4-3 (Groundball, 4M, EV 90.0 MPH)
Batting: LHB Chris Redhead 0-0: Ball
1-0: Ball
2-0: Ball
3-0: Called Strike
3-1: Foul Ball, location: 2F
3-2: Ground out 6-3 (Groundball, 56, EV 88.8 MPH)
Batting: RHB Mark Williams 0-0: Ball
1-0: Ball
2-0: Ball
3-0: Called Strike
3-1: Ground out 5-3 (Groundball, 5, EV 99.4 MPH)
Top of the 6th over - 0 runs, 0 hits, 0 errors, 0 left on base; Dayton 3 - West Virginia 6
BOTTOM OF THE 6TH
West Virginia Power batting - Pitching for Dayton Dragons : RHP Jalen Patterson
Batting: RHB Perry Dominey 0-0: Ground out 4-3 (Groundball, 4M, EV 104.4 MPH)
Batting: RHB Dave Fredericks 0-0: Called Strike
0-1: Foul Ball, location: 2F
0-2: Ball
1-2: Foul Ball, location: 2F
1-2: Ball
2-2: Foul Ball, location: 2F
2-2: Strikes out looking
Batting: RHB Alain Marquet 0-0: Ball
1-0: Ball
2-0: DOUBLE (Groundball, 5L, EV 100.6 MPH)
Batting: LHB Tomohiro Yokoyama 0-0: Called Strike
0-1: Foul Ball, location: 2F
0-2: Ball
1-2: Ball
2-2: Ball
3-2: Strikes out swinging
Bottom of the 6th over - 0 runs, 1 hit, 0 errors, 1 left on base; Dayton 3 - West Virginia 6
TOP OF THE 7TH
Dayton Dragons batting - Pitching for West Virginia Power : RHP Fred McIlrath
Pitching: RHP Nelson Villalva
Batting: LHB Ray Walden 0-0: Called Strike
0-1: Ball
1-1: Ball
2-1: Foul Ball, location: 2F
2-2: Strikes out swinging, 2-3 out at first.
Batting: RHB Chris Zamora 0-0: Called Strike
0-1: Ball
1-1: Ball
2-1: Called Strike
2-2: Ground out 4-3 (Groundball, P, EV 95.0 MPH)
Batting: RHB Ernie Maldonado 0-0: Called Strike
0-1: Called Strike
0-2: Ball
1-2: Strikes out looking
Top of the 7th over - 0 runs, 0 hits, 0 errors, 0 left on base; Dayton 3 - West Virginia 6
BOTTOM OF THE 7TH
West Virginia Power batting - Pitching for Dayton Dragons : RHP Jalen Patterson
Pitching: RHP Jose Marrero
Batting: RHB Brandon White 0-0: Called Strike
0-1: Ground out 6-3 (Groundball, 6, EV 83.8 MPH)
Batting: RHB Jaime Dubicki 0-0: Called Strike
0-1: SINGLE (Groundball, 4D, EV 98.1 MPH)
Batting: RHB Chris Beckham 0-0: Ball
1-0: Foul Ball, location: 2F
1-1: Ball
2-1: SINGLE (Groundball, 4D, EV 98.8 MPH)
Jaime Dubicki to second
Batting: RHB Seung-mun Kim 0-0: Fielders Choice at 2nd, 4-6 (Groundball, 4, EV 89.4 MPH)
Jaime Dubicki to third
Batting: RHB John DeVillier 0-0: Called Strike
0-1: Ball
1-1: Foul Ball, location: 2F
1-2: Fly out, F7 (Flyball, 7D, EV 98.8 MPH)
Bottom of the 7th over - 0 runs, 2 hits, 0 errors, 2 left on base; Dayton 3 - West Virginia 6
TOP OF THE 8TH
Dayton Dragons batting - Pitching for West Virginia Power : RHP Nelson Villalva
Now in LF: Dave Fredericks
Now in CF: Terrence Wilson
Now in RF: Perry Dominey
Pinch Hitting: LHB Jeremy Robertson 0-0: Foul Ball, location: 2F
0-1: Foul Ball, location: 2F
0-2: Ball
1-2: Ball
2-2: Strikes out swinging
Batting: LHB Matt Kennedy 0-0: Ball
1-0: Swinging Strike
1-1: Foul Ball, location: 2F
1-2: SINGLE (Groundball, 5D, EV 99.4 MPH)
Batting: LHB Leo Gomez 0-0: Ball
1-0: SINGLE (Line Drive, 78S, EV 95.6 MPH)
Matt Kennedy to second
Batting: RHB Andy Bachman 0-0: Ball
1-0: Ball
2-0: Foul Ball, location: 2F
2-1: Called Strike
2-2: SINGLE (Groundball, 6D, EV 98.1 MPH)
Matt Kennedy to third
Leo Gomez to second
Runner from 3rd tries for Home, SAFE, throw by CF to trailing runner, SAFE at third!
Batting: LHB Chris Redhead 0-0: Called Strike
0-1: Foul Ball, location: 2F
0-2: Ball
1-2: Strikes out swinging
Batting: RHB Mark Williams 0-0: DOUBLE (Flyball, 7D, EV 88.8 MPH)
Leo Gomez scores
Andy Bachman to third
Runner from 3rd tries for Home, throw by LF and OUT! 7-6-2
Top of the 8th over - 2 runs, 4 hits, 0 errors, 1 left on base; Dayton 5 - West Virginia 6
BOTTOM OF THE 8TH
West Virginia Power batting - Pitching for Dayton Dragons : RHP Jose Marrero
Now at SS: Jeremy Robertson
Batting: RHB Perry Dominey 0-0: Called Strike
0-1: Ball
1-1: Ball
2-1: TRIPLE (Flyball, 89XD, EV 108.8 MPH)
Batting: RHB Dave Fredericks 0-0: Ball
1-0: Called Strike
1-1: Swinging Strike
1-2: Ball
2-2: Fly out, F8 (Flyball, 8LS, EV 89.4 MPH)
Batting: RHB Alain Marquet 0-0: Ball
1-0: Foul Ball, location: 2F
1-1: Ball
2-1: Foul Ball, location: 2F
2-2: Fly out, F7 (Flyball, 7LS, EV 81.9 MPH)
Batting: LHB Tomohiro Yokoyama 0-0: Foul Ball, location: 2F
0-1: Called Strike
0-2: Strikes out swinging
Bottom of the 8th over - 0 runs, 1 hit, 0 errors, 1 left on base; Dayton 5 - West Virginia 6
TOP OF THE 9TH
Dayton Dragons batting - Pitching for West Virginia Power : RHP Nelson Villalva
Pitching: RHP Joel Olausson
Batting: LHB Ray Walden 0-0: Called Strike
0-1: Fly out, F7 (Flyball, 78M, EV 74.4 MPH)
Batting: RHB Chris Zamora 0-0: Called Strike
0-1: Foul Ball, location: 2F
0-2: Strikes out looking
Batting: RHB Ernie Maldonado 0-0: Ground out 4-3 (Groundball, 4, EV 110.6 MPH)
Top of the 9th over - 0 runs, 0 hits, 0 errors, 0 left on base; Dayton 5 - West Virginia 6
Tuesday, March 28th , 2023 - OOTP Baseball 23.10 Build 110